AoeStats
← FettNasty

Arena

505111905Analyzed
3v3 RM · 25d ago on Sep 7, 2026· 69m 8s· 6 players
Game mode
Random Map
Map size
Normal (6 player)
Population
200
Speed
Normal
Resources
Standard
Victory
Conquest
Starting age
Dark Age
Ending age
Imperial Age
RankedLock teamsTeams togetherTeam positionsShared explorationLock speedFull tech treeHidden civsTurbo modeCheats
Victory
Defeat
🇦🇷 Khitans · Argentina
925
+18
🇺🇸 Japanese · United States
911
+19
🇧🇷 Poles · Brazil
889
+19
🇨🇭 Cumans · Switzerland
1003
-52
🇨🇭 Maya · Switzerland
1000
-35
🇨🇭 Romans · Switzerland
898
-16
Rammstilhos
1:00 Loom
10:31 Feudal Age
17:44 Castle Age
16:16 Stone Mining
16:51 Double-Bit Axe
17:23 Horse Collar
28:48 Gold Mining
31:45 Imperial Age
30:00 Bow Saw
29:48 Light Cavalry
30:40 Bloodlines
30:39 Husbandry
32:36 Winged Hussar
34:17 Heavy Plow
36:21 Scale Barding Armor
37:37 Conscription
41:12 Stone Shaft Mining
41:38 Chain Barding Armor
42:12 Fortified Wall
42:23 Ballistics
43:04 Chemistry
44:09 Hoardings
43:59 Lechitic Legacy
44:54 Crop Rotation
46:19 Forging
46:09 Cavalier
47:53 Szlachta Privileges
49:19 Iron Casting
52:19 Wheelbarrow
53:41 Murder Holes
53:57 Masonry
53:28 Treadmill Crane
56:42 Hand Cart
56:14 Town Watch
63:30 Blast Furnace
62:21 Fletching
62:58 Town Patrol
FettNasty
9:39 Feudal Age
11:04 Wheelbarrow
10:36 Double-Bit Axe
10:32 Horse Collar
19:33 Castle Age
17:58 Stone Mining
18:00 Gold Mining
18:15 Padded Archer Armor
19:06 Forging
18:57 Scale Mail Armor
19:13 Arson
19:06 Man-at-Arms
26:13 Bow Saw
29:46 Hand Cart
30:59 Heavy Plow
32:10 Chain Mail Armor
31:44 Gambesons
31:44 Long Swordsman
34:21 Gold Shaft Mining
33:40 Town Watch
33:48 Treadmill Crane
34:14 Squires
34:54 Ballistics
34:45 Fortified Wall
41:01 Imperial Age
39:48 Iron Casting
39:04 Fletching
39:42 Town Patrol
41:24 Bodkin Arrow
41:45 Leather Archer Armor
41:12 Elite Skirmisher
42:19 Conscription
41:29 Elite Samurai
43:28 Blast Furnace
43:36 Kataparuto
45:07 Plate Mail Armor
44:37 Bracer
52:35 Ring Archer Armor
54:50 Two-Man Saw
68:00 Caravan
Matimouts
10:11 Feudal Age
10:37 Double-Bit Axe
12:26 Domestication
17:29 Castle Age
15:54 Stone Mining
18:43 Wheelbarrow
18:34 Bow Saw
23:15 Hand Cart
22:46 Loom
26:16 Fervor
28:54 Lamellar Armor
30:23 Scale Mail Armor
32:00 Chain Mail Armor
36:07 Imperial Age
33:28 Town Watch
35:11 Town Patrol
36:15 Elite Liao Dao
39:41 Elite Liao Dao
40:42 Conscription
44:52 Heavy Cavalry Archer
47:19 Pastoralism
48:23 Two-Man Saw
49:34 Plate Mail Armor
49:15 Forging
49:29 Gold Mining
49:37 Elite Fire Lancer
52:53 Iron Casting
53:38 Gambesons
53:56 Squires
53:42 Arson
54:11 Heavy Rocket Cart
56:55 Pikeman
63:25 Coinage
63:05 Guilds
67:02 Transhumance
Prinz Rakarol
10:39 Feudal Age
15:40 Castle Age
13:51 Double-Bit Axe
16:27 Capped Ram
18:39 Loom
19:24 Pikeman
24:03 Squires
26:24 Bow Saw
29:16 Scale Mail Armor
34:57 Wheelbarrow
34:03 Horse Collar
34:41 Gold Mining
35:10 Fletching
35:21 Padded Archer Armor
35:38 Chain Mail Armor
35:15 Elite Skirmisher
36:36 Bodkin Arrow
39:15 Forging
40:13 Hand Cart
48:14 Imperial Age
46:32 Scale Barding Armor
46:57 Thumb Ring
52:24 Heavy Cavalry Archer
53:32 Parthian Tactics
55:36 Chemistry
54:57 Ballistics
54:50 Cavalier
55:42 Bloodlines
56:07 Siege Ram
57:02 Paladin
58:03 Chain Barding Armor
60:15 Plate Barding Armor
60:16 Iron Casting
60:31 Conscription
Mizzax
0:27 Loom
12:39 Feudal Age
14:18 Double-Bit Axe
14:28 Horse Collar
17:16 Castle Age
17:44 Wheelbarrow
19:32 Heavy Plow
20:17 Bow Saw
25:12 Caravan
26:29 Fortified Wall
26:15 Murder Holes
26:23 Murder Holes
27:18 Fletching
27:28 Padded Archer Armor
29:02 Hand Cart
30:05 Thumb Ring
29:22 Crossbowman
29:23 Elite Skirmisher
31:15 Leather Archer Armor
30:55 Bodkin Arrow
31:36 Ballistics
32:41 Gold Mining
32:44 Stone Mining
36:06 Imperial Age
34:54 Bodkin Arrow
34:43 Eagle Warrior
35:49 Forging
35:39 Scale Mail Armor
37:14 Iron Casting
36:29 Arson
36:44 Squires
36:09 Elite Eagle Warrior
37:11 Conscription
36:58 Bracer
37:28 Ring Archer Armor
37:28 Arbalester
39:17 Blast Furnace
38:32 Chain Mail Armor
38:57 Hoardings
39:10 Stone Shaft Mining
40:08 Holcans
42:55 Chemistry
42:05 Masonry
42:27 Plate Mail Armor
44:08 Hul'che Javelineers
47:14 Elite Plumed Archer
50:29 Guilds
51:22 Architecture
56:57 Coinage
64:31 Banking
Fudilochspreizer
4:15 Loom
12:10 Feudal Age
13:02 Double-Bit Axe
14:54 Horse Collar
18:17 Castle Age
16:20 Stone Mining
16:57 Man-at-Arms
18:56 Gold Mining
19:43 Bow Saw
19:47 Long Swordsman
23:02 Heavy Plow
25:23 Squires
26:53 Fortified Wall
27:27 Wheelbarrow
28:24 Forging
29:23 Ballistics
29:22 Hand Cart
32:23 Imperial Age
32:39 Scale Mail Armor
33:15 Iron Casting
32:42 Legionary
35:20 Conscription
35:21 Comitatenses
39:11 Town Watch
41:28 Heavy Scorpion
43:27 Gold Shaft Mining
44:09 Caravan
45:34 Pikeman
47:44 Crop Rotation
47:24 Siege Engineers
48:59 Blast Furnace
48:14 Chain Mail Armor
50:52 Halberdier
52:50 Chain Mail Armor
59:22 Ballistas
Connection lost

Rejoining the realm…

Still unreachable

The connection could not be restored.

Session expired

The server has moved on; the page needs a fresh start.